 Dungeon Crawl Stone Soup version 0.28-a0-1638-g9123634e07 (webtiles) character file.

Game seed: 9679425943106807243

69 issech the Cudgeller (level 4, -1/44 HPs)
             Began as a Troll Monk on Jan 25, 2022.
             Succumbed to Terence's poison
             ... on level 2 of the Dungeon.
             The game lasted 00:05:57 (1520 turns).

issech the Cudgeller (Troll Monk)                   Turns: 1520, Time: 00:05:57

Health: -1/44      AC:  4    Str: 19    XL:     4   Next: 2%
Magic:  3/3        EV: 11    Int:  6    God:
Gold:   100        SH:  0    Dex: 20    Spells: 3/3 levels left

rFire   . . .      SeeInvis .   a - +0 mace
rCold   . . .      Faith    .   (no shield)
rNeg    . . .      Spirit   .   b - +0 robe
rPois   .          Reflect  .   (helmet restricted)
rElec   .          Harm     .   (no cloak)
rCorr   .          Rampage  .   (gloves unavailable)
Will    .....                   (boots unavailable)
Stlth   ++........              (no amulet)
HPRegen 0.94/turn               f - ring of wizardry
MPRegen 0.08/turn               h - +6 ring of dexterity

@: lethally poisoned (-1 -> -22)
A: large, unfitting armour, claws 3, regeneration 1, shaggy fur 1, tough skin 1
a: no special abilities


You were on level 2 of the Dungeon.
You visited 1 branch of the dungeon, and saw 2 of its levels.

You collected 100 gold pieces.

Inventory:

Hand Weapons
 a - a +0 mace (weapon)
 e - a +0 hunting sling of flaming
Missiles
 c - 17 bolts
 i - 12 arrows
 k - 58 stones (quivered)
Armour
 b - a +0 robe (worn)
Jewellery
 f - a ring of wizardry (left claw)
 h - a +6 ring of dexterity (right claw)
Scrolls
 d - 2 scrolls of identify {unknown}
 m - a scroll of fog {unknown}
Potions
 g - a potion of flight {unknown}
 j - a potion of ambrosia {unknown}
 l - a potion of degeneration {unknown}


   Skills:
 + Level 2.8 Fighting
 + Level 3.3 Maces & Flails
 + Level 3.1 Dodging
 + Level 1.2 Stealth


You had 3 spell levels left.
You didn't know any spells.
Your spell library was empty.

Dungeon Overview and Level Annotations

Branches:
Dungeon (2/15)

Altars:

Annotations:
D:2 Terence


Innate Abilities, Weirdness & Mutations

You are too large for most types of armour.
You have claws for hands.
Your natural rate of healing is unusually fast.
You are covered in fur. (AC +1)
You have tough skin. (AC +1)


Message History

The goblin shouts!
The goblin hits you with a +0 dagger.
You hit the goblin.
You kill the goblin!
Things that are here:
a +0 dagger; a goblin corpse
Things that are here:
a +0 dagger; a goblin corpse A rat comes into view.
Terence and a dart slug come into view.
Terence is wielding a +1 trident of venom.
There is an open door here.
Terence hits you from afar with a +1 trident of venom.
You are poisoned.
The dart slug launches a dart at you. The slug dart hits you.
There is an open door here.
You feel very sick.
You feel very sick.
You feel sick.
The rat twitches its whiskers.
Terence hits you with a +1 trident of venom.
You are more poisoned.
You hit Terence but do no damage.
You feel very sick. Terence hits you but does no damage.
You are more poisoned.
You hit Terence.
Terence is lightly wounded.
You feel very sick. Terence hits you but does no damage.
You are more poisoned.
You sock Terence!
Terence is heavily wounded.
You feel very sick.
Terence hits you with a +1 trident of venom!
* * * LOW HITPOINT WARNING * * *
You are more poisoned.
Terence closely misses you.
You die...

.########..# .# #.>#
###### ##
###############....# .
.####............##....##.
.................##......
.####............##....##
..........#########.....#
..................#.....#
................@.@r....#
..................#w....#
............).....#.....#
..........###.....##....#
..........# #....># ....#
........# #.....# ..w.#
....... #.....# ....#
####### ####### ....#


You could see Terence, a dart slug and a rat.

Vanquished Creatures
  An adder (D:2)
  2 dart slugs (D:2)
  An orc (D:2)
  2 bats
  6 endoplasms
  A giant cockroach (D:1)
  7 goblins
  8 hobgoblins
  4 jackals (D:1)
  A quokka (D:1)
  2 ball pythons (D:2)
  5 kobolds
  6 rats
46 creatures vanquished.

Vanquished Creatures (others)
  7 toadstools (D:1)
7 creatures vanquished.

Grand Total: 53 creatures vanquished

Notes
Turn   | Place    | Note
-------+----------+-------------------------------------------
     0 | D:1      | issech the Troll Monk began the quest for the Orb.
     0 | D:1      | Reached XP level 1. HP: 22/22 MP: 0/0
   263 | D:1      | Reached XP level 2. HP: 17/29 MP: 1/1
   895 | D:2      | Reached XP level 3. HP: 23/36 MP: 2/2
  1454 | D:2      | Reached XP level 4. HP: 43/44 MP: 3/3
  1511 | D:2      | Noticed Terence
  1520 | D:2      | Succumbed to Terence's poison

Illustrated notes

Levels and vault maps discovered:
D:1:      nagdon_arrival_double_spiral, layout_basic, minmay_pentomino_r2
D:2:      cheibrodos_greedy_goblins, layout_basic, minmay_misc_feat_rows,
          lemuel_flame_loot_1, uniq_terence, uniq_jessica, uniq_robin

Skill      XL: |  1  2 |
---------------+-------+-----
Maces & Flails | 3 |  3.3
Dodging        | 3 |  3.1
Fighting       | |  2.8
Stealth        | |  1.2

Action                   |  1- 3 |  4- 6 || total
-------------------------+-------+-------++-------
Melee: Mace              |   143 |     4 ||   147
 Stab: Sleeping          |     1 |       ||     1
Armor: Robe              |    71 |     2 ||    73
Dodge: Dodged            |   101 |     1 ||   102

Table legend: (Time is in decaauts)
 A = Elapsed time spent in this place.
 B = Non-inter-level travel time spent in this place.
 C = Inter-level travel time spent in this place.
 D = Time resting spent in this place.
 E = Time spent auto-exploring this place.
 F = Levels seen in this place.
 G = Mean time per level.
                   A        B        C        D        E       F      G
               +--------+--------+--------+--------+--------+-----+--------+
         Total |   1624 |   1485 |    139 |     48 |    672 |   2 |  812.0 |
       Dungeon |   1624 |   1485 |    139 |     48 |    672 |   2 |  812.0 |
               +--------+--------+--------+--------+--------+-----+--------+

Top non-repeatable levels by time:
     D:1: 913 daAuts
     D:2: 711 daAuts
